 Dungeon Crawl Stone Soup version 0.23-a0-408-g9d4b7ed (webtiles) character file.

1192 MisterFreud the Carver (level 8, 0/50 HPs)
             Began as an Octopode Gladiator on Nov 8, 2018.
             Was a Follower of Cheibriados.
             Slain by a gnoll
             ... wielding a +0 spear
              (7 damage)
             ... on level 5 of the Dungeon.
             The game lasted 00:11:41 (5338 turns).

MisterFreud the Carver (Octopode Gladiator)         Turns: 5338, Time: 00:11:42

Health: 0/50       AC:  1    Str: 16    XL:     8   Next: 43%
Magic:  8/8        EV: 18    Int: 16    God:    Cheibriados [*.....]
Gold:   177        SH:  0    Dex: 16    Spells: 7/7 levels left

rFire    . . .     SeeInvis .   a - +1 long sword
rCold    . . .     Gourm    .   (no shield)
rNeg     . . .     Faith    .   b - +0 hat
rPois    .         Spirit   .   (no amulet)
rElec    .         Reflect  .   (no ring)
rCorr    .         Harm     .   (no ring)
MR       .....                  (no ring)
Stlth    ++........             (no ring)
HPRegen  0.16/turn              (no ring)
MPRegen  0.11/turn              (no ring)
                                (no ring)
                                (no ring)

@: very slow
A: almost no armour, stealthy swim, amphibious, 8 rings, constrict 8, camouflage
1, gelatinous body 1
a: Bend Time, Renounce Religion


You were on level 5 of the Dungeon.
You worshipped Cheibriados.
Cheibriados was aware of your devotion.
You were not hungry.

You visited 2 branches of the dungeon, and saw 6 of its levels.

You collected 177 gold pieces.

Inventory:

Hand Weapons
 a - a +1 long sword (weapon)
Missiles
 c - 3 throwing nets (quivered)
 h - 112 stones
 i - 28 sling bullets
 j - 51 bolts
 m - 21 poisoned needles
 q - 18 arrows
 v - 2 curare-tipped needles
Armour
 b - a +0 hat (worn)
Wands
 r - a wand of iceblast (3)
 x - a wand of flame (26)
Scrolls
 e - a scroll of magic mapping
 g - 2 scrolls of amnesia
 l - 2 scrolls of blinking
 n - a scroll of remove curse
 p - a scroll of teleportation
 w - a scroll of immolation {unknown}
Potions
 f - 4 potions of curing
 k - a potion of haste
 o - a potion of might
 s - a potion of magic
 u - a potion of resistance
Comestibles
 d - 6 rations


   Skills:
 - Level 2.0 Fighting
 - Level 8.0 Long Blades
 - Level 2.0 Throwing
 + Level 7.1 Dodging


You had 7 spell levels left.
You didn't know any spells.
Your spell library was empty.

Dungeon Overview and Level Annotations

Branches:
Dungeon (5/15)             Temple (1/1) D:5

Altars:
Ashenzari
Cheibriados
Dithmenos
Elyvilon
Fedhas
Gozag
Hepliaklqana
Kikubaaqudgha
Makhleb
Nemelex Xobeh
Okawaru
Qazlal
Ru
Sif Muna
Trog
Uskayaw
Vehumet
Wu Jian
Xom
Yredelemnul
Zin
The Shining One


Innate Abilities, Weirdness & Mutations

You cannot wear most types of armour.
You are very stealthy in the water. (Stealth+)
You are amphibious.
You can wear up to eight rings at the same time.
You can use your tentacles to constrict eight enemies at once.
Your skin changes colour to match your surroundings (Stealth+).
Your rubbery body absorbs attacks. (AC +1, EV +1)


Message History

You hit the gnoll. You grab the gnoll. You squeeze the gnoll!
The gnoll is almost dead.
You constrict the gnoll. The gnoll barely misses you. The gnoll hits you!
The gnoll misses you.
You hit the gnoll.
You kill the gnoll!
Cheibriados appreciates the change of pace.
The gnoll completely misses you.
The gnoll hits you from afar with a +0 spear.
The gnoll misses you. The gnoll hits you with a +0 spear!
The gnoll hits you from afar with a +0 spear!
* * * LOW HITPOINT WARNING * * *
The gnoll hits you with a +0 spear.
* * * LOW HITPOINT WARNING * * *
The gnoll closely misses you. The gnoll hits you with a +0 spear.
* * * LOW HITPOINT WARNING * * *
You are too injured to fight recklessly!
You feel better. The gnoll closely misses you.
The gnoll hits you with a +0 spear!
You die...

###################
...##........'..@.#
##########'###.†g.#
...........#.#..g.#
...........#.##'###
...........#.#.....
...........'.#......
###################.#
.#.)..#.... .#
.'....'.... ≈≈≈....#


You could see 2 gnolls.

Vanquished Creatures
  An ogre (D:4)
  2 scorpions (D:5)
  A bullfrog zombie (D:5)
  A hound (D:4)
  A centaur zombie (D:3)
  A gnoll shaman (D:5)
  An iguana (D:4)
  Ijyb (D:3)
  4 worker ants
  Natasha (thrice) (D:4 D:5)
  2 orc wizards (D:3)
  A hound skeleton (D:4)
  Robin (D:2)
  43 gnolls
  7 adders
  A shadow imp (D:5)
  An ooze (D:5)
  3 worms
  2 dart slugs (D:3)
  A leopard gecko (D:2)
  5 orcs
  4 giant cockroaches
  14 goblins
  6 hobgoblins
  10 jackals
  A quokka (D:2)
  A ball python (D:4)
  7 bats
  3 frilled lizards
  5 kobolds (D:1)
  5 rats
139 creatures vanquished.

Notes
Turn   | Place    | Note
-------+----------+-------------------------------------------
     0 | D:1      | MisterFreud the Octopode Gladiator began the quest for the
                  | Orb.
     0 | D:1      | Reached XP level 1. HP: 14/14 MP: 1/1
   247 | D:1      | Reached XP level 2. HP: 19/19 MP: 2/2
   748 | D:2      | Reached skill level 4 in Long Blades
   816 | D:2      | Found a hazy altar of Hepliaklqana.
   823 | D:2      | Reached XP level 3. HP: 17/24 MP: 3/3
   888 | D:2      | Noticed Robin
   978 | D:2      | Killed Robin
   978 | D:2      | Reached XP level 4. HP: 13/29 MP: 4/4
  1151 | D:2      | Reached skill level 5 in Long Blades
  1489 | D:2      | Found a faded altar of an unknown god.
  1874 | D:3      | Reached XP level 5. HP: 34/34 MP: 5/5
  1900 | D:3      | Noticed Ijyb
  1914 | D:3      | Killed Ijyb
  2040 | D:3      | Reached skill level 6 in Long Blades
  2132 | D:3      | Reached XP level 6. HP: 36/39 MP: 6/6
  2225 | D:3      | Found a radiant altar of Vehumet.
  2767 | D:4      | Noticed Natasha
  2777 | D:4      | Reached skill level 5 in Dodging
  2779 | D:4      | Killed Natasha
  2799 | D:4      | Reached XP level 7. HP: 13/45 MP: 7/7
  2826 | D:4      | Noticed Natasha
  3856 | D:5      | Entered Level 5 of the Dungeon
  3979 | D:5      | Found a staircase to the Ecumenical Temple.
  3988 | Temple   | Entered the Ecumenical Temple
  4095 | Temple   | Became a worshipper of Cheibriados the Contemplative
  4189 | D:5      | Reached skill level 7 in Long Blades
  4439 | D:5      | Killed Natasha
  4442 | D:5      | Noticed Natasha
  4454 | D:5      | Killed Natasha
  4454 | D:5      | Reached XP level 8. HP: 17/50 MP: 8/8
  4884 | D:5      | Reached skill level 8 in Long Blades
  5000 | D:5      | Reached * piety under Cheibriados
  5337 | D:5      | HP: 2/50 [gnoll/+0 spear (5)]
  5338 | D:5      | Slain by a gnoll

Vault maps used:
D:1:      psy_arrival_conway
D:2:      first_ration, chequers_ecumenical_altar_island, lemuel_altar_in_water,
          uniq_robin
D:3:      lemuel_coloured_pillars_altar, uniq_ijyb
D:4:      uniq_natasha
D:5:      lemuel_castle_with_subvaults, lemuel_temple_firewalk_b, serial_glass,
          glass_columns_a, glass_columns_c
Temple:   kilobyte_greek_temple

Skill      XL: |  1  2  3  4  5  6  7  8 |
---------------+-------------------------+-----
Long Blades    | 4 5 6 7 8 |  8.0
Dodging        | 5 6 7 |  7.1
Fighting       | |  2.0
Throwing       | |  2.0

Action                   |  1- 3 |  4- 6 |  7- 9 || total
-------------------------+-------+-------+-------++-------
Melee: Long sword        |    31 |   114 |   144 ||   289
       Constrict         |    12 |    34 |    49 ||    95
       Tentacles         |     9 |    29 |    40 ||    78
Evoke: Wand              |       |       |     2 ||     2
  Use: Scroll            |       |       |    10 ||    10
       Potion            |       |       |     3 ||     3
 Stab: Sleeping          |     2 |     7 |     4 ||    13
  Eat: Chunk             |       |     6 |     8 ||    14
Armor: Skin              |     3 |     9 |     1 ||    13
Dodge: Dodged            |    27 |    82 |   117 ||   226
       Rpst.: Long sword |     7 |    25 |    33 ||    65

Table legend:
 A = Non-vault XP
 B = Vault XP
 C = Vault XP percentage of total XP
 D = Non-vault monster count
 E = Vault monster count
 F = Vault count percentage of total count
                 A         B        C        D         E       F
            +---------+---------+-------+---------+---------+-------
      Total |    1083 |     621 |  36.4 |      88 |      51 |  36.7
            +---------+---------+-------+---------+---------+-------
        D:1 |      16 |       0 |   0.0 |      11 |       0 |   0.0
        D:2 |      92 |      34 |  27.0 |      19 |      11 |  36.7
        D:3 |     197 |      36 |  15.5 |      25 |       1 |   3.8
        D:4 |     456 |      35 |   7.1 |      23 |       1 |   4.2
        D:5 |     322 |     516 |  61.6 |      10 |      38 |  79.2
            +---------+---------+-------+---------+---------+-------
